 Dungeon Crawl Stone Soup version 0.17-a0-1769-g54adf96 (webtiles) character file.

403 ztt the Ruffian (level 6, -1/38 (52) HPs)
             Began as a Ghoul Warper on Aug 31, 2015.
             Was an Initiate of Okawaru.
             Slain by an orc
             ... wielding a +0 mace
              (6 damage)
             ... on level 4 of the Dungeon on Sept 7, 2015.
             The game lasted 00:08:56 (5282 turns).

ztt the Ruffian (Ghoul Warper)                      Turns: 5282, Time: 00:08:56

HP:   -1/38 (52)    AC:  7    Str: 17    XL:     6   Next: 86%
MP:   7/7           EV: 11    Int:  8    God:    Okawaru [......]
Gold: 203           SH:  0    Dex:  8    Spells: 3 memorised, 3 levels left

rFire  . . .     SeeInvis .       - Unarmed
rCold  + . .     Clarity  .     f - +0 ring mail
rNeg   + + +     SustAt   .     (no shield)
rPois  ∞         Gourm    .     (no helmet)
rElec  .         Spirit   .     s - +0 cloak
rCorr  .         Warding  .     (no gloves)
rMut   .         Stasis   .     t - +0 pair of boots
MR     .....                    (no amulet)
Stlth  ..........               (no ring)
                                (no ring)

@: rotting, not resistant to hostile enchantments, extremely unstealthy
A: rotting body, claws 1, carnivore 3, cold resistance 1, negative energy
resistance 3, slow healing 1, torment resistance, unbreathing
a: Renounce Religion


You were on level 4 of the Dungeon.
You worshipped Okawaru.
Okawaru was noncommittal.
You were very hungry.

You visited 1 branch of the dungeon, and saw 4 of its levels.

You collected 203 gold pieces.

Inventory:

Missiles
 d - 5 tomahawks of dispersal (quivered)
 r - 3 tomahawks
Armour
 a - a +0 leather armour
 f - a +0 ring mail (worn)
 o - a +0 pair of boots
 s - a +0 cloak (worn)
 t - a +0 pair of boots (worn)
Jewellery
 i - an uncursed ring of fire {unknown}
 j - an uncursed amulet of the gourmand
Magical devices
 h - a wand of heal wounds (7)
 p - a wand of digging (9)
Scrolls
 c - a scroll of blinking
 g - 2 scrolls of remove curse
 k - 2 scrolls of teleportation
 l - a scroll of recharging
 n - a scroll of enchant weapon
Potions
 m - a potion of heal wounds {unknown}
 q - 2 potions of cure mutation {unknown}
 u - a potion of brilliance {unknown}
Books
 b - a book of Spatial Translocations

   Spells                             Type                      Level
   a - Apportation                    Translocation                1
   b - Blink                          Translocation                2
   c - Shroud of Golubria             Charms/Translocation         2
   d - Portal Projectile              Translocation                3
   e - Teleport Other                 Translocation                3
   f - Passage of Golubria            Translocation                4
Comestibles
 e - 3 meat rations


   Skills:
 + Level 3.8 Fighting
 + Level 1.0 Throwing
 + Level 2.8 Armour
 + Level 2.6 Dodging
 + Level 0.5 Stealth
 + Level 4.2 Unarmed Combat
 + Level 1.9 Spellcasting
 * Level 3.9 Translocations


You had 3 spell levels left.
You knew the following spells:

 Your Spells              Type           Power        Failure   Level  Hunger
a - Apportation           Tloc           #.........   17%         1    ##.....
b - Blink                 Tloc           N/A          24%         2    ###....
c - Shroud of Golubria    Chrm/Tloc      #.........   54%         2    ###....


Dungeon Overview and Level Annotations

Branches:
Dungeon (4/15)
 Temple: D:4-7

Altars:
Dithmenos
Kikubaaqudgha
Okawaru
Ru
Vehumet


Innate Abilities, Weirdness & Mutations

Your body is rotting away.
You thrive on raw meat.
You are immune to poison.
You have sharp fingernails.
You are carnivorous and can eat meat at any time.
Your flesh is cold resistant.
You are immune to negative energy.
You heal slowly when monsters are visible.
You are immune to unholy pain and torment.
You can survive without breathing.


Message History

You closely miss the orc. You claw the orc.
The orc is lightly wounded.
The orc misses you.
You scratch the orc.
The orc is severely wounded.
The orc hits you with a mace.
* * * LOW HITPOINT WARNING * * *
Your ring mail prevents you from hitting the orc.
The orc is severely wounded.
You scratch the orc but do no damage.
The orc is severely wounded.
The orc barely misses you.
You closely miss the orc.
The orc is severely wounded.
The orc hits you with a mace.
* * * LOW HITPOINT WARNING * * *
You barely miss the orc.
The orc is severely wounded.
The orc hits you with a mace.
You die...

*,***#>**.#***##...## #
*,*###.##.#####.....## ##
*,*#......,..........## ##.
*,*#.....####.........####..
*,*#.(.....,+.........')....
#.##....o##*#.........####..
#.........# #..(.....## ##.
#####.###.###.#.....## ##
#.....o@..##...##
#####.#######'## #.#
#.########## ##.####
#.##........
#.....####.##.###....
#...........#.# #.##.
#...#####..>..###.##. #...#
#...#........ #...#
#..######.###


You could see an orc.

Vanquished Creatures
  An ogre (D:4)
  A hound (D:4)
  An orc priest (D:4)
  2 worker ants (D:4)
  Terence (D:2)
  A hound skeleton (D:4)
  A gnoll (D:2)
  4 adders
  An adder skeleton (D:4)
  4 worms
  4 giant geckos
  11 orcs
  4 bats
  7 giant cockroaches
  9 goblins
  9 hobgoblins
  4 giant newts
  17 kobolds
  2 quokkas
  14 rats
98 creatures vanquished.

Notes
Turn   | Place    | Note
--------------------------------------------------------------
     0 | D:1      | ztt the Ghoul Warper began the quest for the Orb.
     0 | D:1      | Reached XP level 1. HP: 17/17 MP: 2/2
     2 | D:1      | Noticed an electric eel
   213 | D:1      | Reached skill level 3 in Translocations
   217 | D:1      | Reached XP level 2. HP: 14/22 MP: 3/3
   551 | D:1      | Reached skill level 1 in Armour
   702 | D:1      | Reached skill level 1 in Throwing
   895 | D:2      | Reached XP level 3. HP: 13/27 MP: 4/4
  1335 | D:2      | Found an iron altar of Okawaru.
  1344 | D:2      | Became a worshipper of Warmaster Okawaru
  1363 | D:2      | Learned a level 2 spell: Blink
  1366 | D:2      | Learned a level 2 spell: Shroud of Golubria
  1371 | D:2      | Found a radiant altar of Vehumet.
  1838 | D:2      | Reached XP level 4. HP: 3/33 MP: 5/5
  2415 | D:2      | Found a sacrificial altar of Ru.
  2498 | D:2      | Noticed Terence
  2527 | D:2      | Killed Terence
  2934 | D:3      | Upgraded the game from 0.17-a0-1741-gd5e8965 to 0.17-a0-1769-g54adf96
  2986 | D:3      | Reached XP level 5. HP: 40/40 MP: 6/6
  2993 | D:3      | Found a faded altar to an unknown god.
  3655 | D:4      | HP: 2/40 [orc priest/divine providence (12)]
  4214 | D:4      | Found an ancient bone altar of Kikubaaqudgha.
  4327 | D:4      | Noticed an ogre
  4515 | D:4      | Reached XP level 6. HP: 23/45 MP: 7/7
  4846 | D:4      | Killed an ogre
  4846 | D:4      | Reached skill level 4 in Unarmed Combat
  5164 | D:4      | Found a shadowy altar of Dithmenos.
  5282 | D:4      | Slain by an orc

Vault maps used:
D:1:      arrival_aquarium_a
D:2:      old_standard_altar, nicolae_overflow_hidden_temple,
          okawaru_altar_gauntlet_db, uniq_terence
D:3:      ecumenical_altar_1, bh_chokoban
D:4:      kiku_gazebo_pond_becter, nicolae_dithmenos_through_a_glass_darkly,
          st_stairs_14

Action                   |  1- 3 |  4- 6 || total
-------------------------+-------+-------++-------
Melee: Unarmed           |   174 |   326 ||   500
  Use: Scroll            |     4 |     4 ||     8
  Eat: Beef jerky        |     1 |     2 ||     3
       Chunk             |     1 |     1 ||     2
       Meat ration       |       |     1 ||     1
